 Dungeon Crawl Stone Soup version 0.28.0-53-g5a82cb258f (webtiles) character file.

Game seed: 1989126490141791112

10689 Sanktem7 the Fighter (level 11, -2/111 HPs)
             Began as a Minotaur Fighter on June 28, 2022.
             Was an Elder of Okawaru.
             Slain by a yak (7 damage)
             ... on level 9 of the Dungeon.
             The game lasted 00:23:39 (11831 turns).

Sanktem7 the Fighter (Minotaur Fighter)            Turns: 11831, Time: 00:23:40

Health: -2/111     AC: 15    Str: 25    XL:     11   Next: 39%
Magic:  10/10      EV: 23    Int:  5    God:    Okawaru [****..]
Gold:   500        SH:  4    Dex: 10    Spells: 10/10 levels left

rFire   + . .      SeeInvis .   a - +2 war axe (venom) {axe}
rCold   . . .      Faith    .   c - +0 buckler
rNeg    + . .      Spirit   .   h - +2 chain mail {rF+}
rPois   +          Reflect  .   (helmet restricted)
rElec   .          Harm     .   (no cloak)
rCorr   .          Rampage  .   m - +1 pair of gloves
Will    .....                   p - +0 pair of boots
Stlth   ..........              C - amulet of the acrobat
HPRegen 0.28/turn               r - ring of positive energy
MPRegen 0.12/turn               s - ring of poison resistance

@: acrobatic
A: horns 2, retaliatory headbutt
a: Renounce Religion, Heroism, Finesse


You were on level 9 of the Dungeon.
You worshipped Okawaru.
Okawaru was greatly pleased with you.
You visited 2 branches of the dungeon, and saw 10 of its levels.
You also visited: Sewer.

You collected 560 gold pieces.
You spent 60 gold pieces at shops.


Innate Abilities, Weirdness & Mutations

You have a pair of horns on your head.
You reflexively headbutt those who attack you in melee.


   Skills:
 * Level 14.3 Fighting
 * Level 14.1(14.5) Axes
 - Level 5.5(10.7) Maces & Flails
 - Level 8.0 Slings
 - Level 5.6 Armour
 - Level 3.6 Shields


You had 10 spell levels left.
You didn't know any spells.
Your spell library contained the following spells:

 Spells                   Type           Power      Damage    Failure   Level
 Apportation              Tloc           0%         N/A       99%         1
 Slow                     Hex            0%         N/A       99%         1
 Confusing Touch          Hex            0%         N/A       100%        3
 Conjure Flame            Conj/Fire      0%         6-21      100%        3
 Ignite Poison            Fire/Tmut/Pois 0%         N/A       100%        3
 Vampiric Draining        Necr           0%         2d6       100%        3
 Sticky Flame             Conj/Fire      0%         2d3       100%        4
 Animate Skeleton         Necr           Unusable   N/A       N/A         1
 Summon Small Mammal      Summ           Unusable   N/A       N/A         1

Inventory:

Hand Weapons
 a - a +2 war axe of venom (weapon) {axe}
 q - a +2 vorpal hunting sling {sling}
   (You took it off a hobgoblin on level 2 of the Dungeon)
Missiles
 i - 39 arrows
 o - 17 sling bullets
 y - 6 bolts
Armour
 c - a +0 buckler (worn)
 h - a +2 chain mail of fire resistance (worn)
   (You found it on level 9 of the Dungeon)
 k - a +0 plate armour
   (You found it on level 1 of the Dungeon)
 m - a +1 pair of gloves (worn)
   (You found it on level 2 of the Dungeon)
 p - a +0 pair of boots (worn)
   (You found it on level 2 of the Dungeon)
Jewellery
 r - a ring of positive energy (left hand)
   (You found it on level 2 of the Dungeon)
 s - a ring of poison resistance (right hand)
   (You found it on level 7 of the Dungeon)
 u - a ring of see invisible
   (You found it on level 9 of the Dungeon)
 C - an amulet of the acrobat (around neck)
   (You found it on level 8 of the Dungeon)
Scrolls
 e - 4 scrolls of fog
 l - 6 scrolls of teleportation {@r4}
 t - 2 scrolls of fear
 v - 5 scrolls of blinking {!r}
 x - a scroll of identify {@r1}
 A - a scroll of holy word
Potions
 b - 2 potions of lignification {!q}
 d - a potion of might
 f - 8 potions of curing {@q1}
 g - 3 potions of heal wounds {@q2}
 j - 2 potions of attraction {!q}
 n - a potion of brilliance
 w - a potion of degeneration {unknown}
 z - a potion of resistance {unknown}

Dungeon Overview and Level Annotations

Branches:
Dungeon (9/15)             Temple (1/1) D:7            Lair (0/6) D:9
  Sewer (visited)
    Orc: D:9-12

Altars:
Ashenzari
Cheibriados
Dithmenos
Elyvilon
Fedhas
Gozag
Hepliaklqana
Kikubaaqudgha
Makhleb
Nemelex Xobeh
Okawaru
Qazlal
Ru
Sif Muna
Trog
Uskayaw
Vehumet
Wu Jian
Yredelemnul
Zin
The Shining One

Shops:
D:3

! #####.............
#.#.#######.#. #...#.............
#.#.........#. #...+.............
#.#.........#. #...#....###......
#.#.........#. #........# ######
#...#######>'. ##.#....[######
###############.
#.###.#.......###.$.........#...
##..............†#[|...≈.....#.##
..####.#.......#@Y...≈≈≈≈......##
..# #.#.......#....≈≈≈≈≈≈.....##
..# #.#.......#.....≈≈≈≈≈.....##
..# #.#.......#.....≈≈≈≈......##
..####.########[......≈≈≈.......#
...........# #.......†≈........#
........../# ##.......≈.......##
...........# ###.).....≈.......##
...........# #....####'''####....


You could see a yak (extremely poisoned).


Message History

You kill the yak!
Okawaru accepts your kill.
Your Fighting skill increases to level 14! 😮 HP[+1]
You now have 110 max hp (+2).
The yak misses you. 😮 HP[+1]
You kill the yak!
Okawaru accepts your kill.
The yak snorts and paws the ground.
The yak barely misses you.
Training target 8.0 for Slings reached!
Your Slings skill increases to level 8! 😮 HP[+1]
The yak snorts and paws the ground.
The yak closely misses you. You block the yak's attack. 😮 HP[+1]
You slash the yak!
You kill the yak!
Okawaru accepts your kill.
You slash the yak!
The yak is poisoned.
The yak snorts and paws the ground.
You hit the yak. You hit the yak but do no damage.
The yak is poisoned.
The yak gores you! The yak gores you. 😮 HP[-14]
You take 14 damage, and now have 66/110 hp.
You hit the yak. x2; The yak looks as sick as possible!
You hit the yak but do no damage.
The yak looks as sick as possible!
You headbutt the yak! You slash the yak!
The yak gores you but does no damage. x2 😮 HP[+1]
You hit the yak.
You kill the yak!
Okawaru accepts your kill.
You hit the yak. The yak barely misses you. You furiously retaliate!
You headbutt the yak! You closely miss the yak. You headbutt the yak.
You kill the yak!
Okawaru accepts your kill.
You hit the yak but do no damage.
The yak looks as sick as possible!
You kill the yak!
Okawaru accepts your kill.
Your Axes skill increases to level 14!
You slash the yak!
The yak is poisoned.
The yak gores you! 😮 HP[-11]
You take 11 damage, and now have 56/110 hp.
You barely miss the yak. You hit the yak. The yak gores you!
* * * LOW HITPOINT WARNING * * *
😨 HP[-9]
You take 9 damage, and now have 47/110 hp.
You barely miss the yak. You slash the yak!
The yak gores you but does no damage. x2
You slash the yak!
The yak looks as sick as possible!
Your headbutt misses the yak. You closely miss the yak.
The yak barely misses you. You furiously retaliate!
You headbutt the yak! You slash the yak!
You kill the yak!
Okawaru accepts your kill.
You slash the yak!
The yak is poisoned.
You slice the yak!!
You kill the yak!
Okawaru accepts your kill.
You hit the yak. The yak gores you.
* * * LOW HITPOINT WARNING * * *
😨 HP[-5]
You take 5 damage, and now have 42/110 hp.
The yak closely misses you. x2
Items here: ††††. 😨 HP[+1]
You closely miss the yak. You headbutt the yak. You hit the yak.
The yak is poisoned.
The yak snorts and paws the ground.
The yak gores you but does no damage. You block the yak's attack.
You barely miss the yak. You slash the yak!
The yak looks as sick as possible!
The yak gores you but does no damage. The yak barely misses you.
You completely miss the yak. You hit the yak.
The yak gores you but does no damage. The yak gores you.
* * * LOW HITPOINT WARNING * * *
😨 HP[-5]
You take 5 damage, and now have 38/110 hp.
You hit the yak.
The yak is poisoned.
You closely miss the yak. The yak gores you!
* * * LOW HITPOINT WARNING * * *
😱 HP[-11]
You take 11 damage, and now have 27/110 hp.
You hit the yak but do no damage.
The yak looks as sick as possible!
You hit the yak.
The yak looks as sick as possible!
The yak gores you!
* * * LOW HITPOINT WARNING * * *
😱 HP[-9]
You take 9 damage, and now have 18/110 hp.
You slice the yak!! You slash the yak!
You kill the yak!
Okawaru accepts your kill. The yak gores you!
* * * LOW HITPOINT WARNING * * *
😱 HP[-13]
You now have 111 max hp (+1).
You take 13 damage, and now have 5/111 hp.
The yak gores you!
You die...

Skill      XL: |  1  2  3  4  5  6  7  8  9 10 11 |
---------------+----------------------------------+-----
Fighting       | 4 5 6 7 11 12 13 14 | 14.3
Axes           | 3 4 5 6 7 11 12 13 14 | 14.1
Armour         | 4 5 |  5.6
Slings         | 1 6 7 8 |  8.0
Maces & Flails | 5 |  5.5
Shields        | |  3.6

Action                   |  1- 3 |  4- 6 |  7- 9 | 10-12 || total
-------------------------+-------+-------+-------+-------++-------
Melee: War axe           |    86 |   118 |   192 |   188 ||   584
       Headbutt          |    12 |    17 |    39 |    40 ||   108
       Hunting sling     |       |       |       |     1 ||     1
 Fire: Hunting sling     |       |       |       |     7 ||     7
  Use: Scroll            |       |       |    15 |     4 ||    19
       Potion            |       |       |     3 |       ||     3
Armor: Scale mail        |    10 |       |       |       ||    10
       Plate armour      |    47 |    62 |   122 |    92 ||   323
       Chain mail        |       |       |       |    18 ||    18
Dodge: Dodged            |    38 |    34 |    40 |    78 ||   190
Block: Buckler           |    18 |    17 |    26 |    38 ||    99

Levels and vault maps discovered:
D:1:      lemuel_arrival_room, layout_loops_ring
D:2:      layout_basic
D:3:      layout_basic, chequers_ecumenical_altar_simple, gup_sewer_entry_glass,
          serial_shops, shop, grunt_decor_one_mirror
D:4:      layout_loops_ring
D:5:      layout_loops_ring, kennysheep_generic_room_5, uniq_blork_the_orc,
          uniq_menkaure
D:6:      layout_loops_ring, due_unseen_surprise
D:7:      layout_loops_corners, minmay_temple_entry_glass, grunt_livestock,
          kennysheep_generic_room_9
D:8:      layout_loops_corners, uniq_harold
D:9:      argonaut_augean_stables, layout_basic, lair_entry_dummy
Temple:   mainiacjoe_temple_circle_huts

Notes
Turn   | Place    | Note
-------+----------+-------------------------------------------
     0 | D:1      | Sanktem7 the Minotaur Fighter began the quest for the Orb.
     0 | D:1      | Reached XP level 1. HP: 19/19 MP: 0/0
     0 | D:1      | magus.rc [v1.9.6]
   143 | D:1      | Reached skill level 4 in Fighting
   143 | D:1      | Reached XP level 2. HP: 25/27 MP: 1/1
   204 | D:1      | Reached skill level 3 in Axes
   987 | D:2      | Reached skill level 4 in Armour
  1023 | D:2      | Reached XP level 3. HP: 33/33 MP: 2/2
  1522 | D:3      | You pick up a book of Debilitation and begin reading...
  1522 | D:3      | You add the spells Slow, Vampiric Draining and Confusing
                  | Touch to your library.
  1673 | D:3      | Found a faded altar of an unknown god.
  1673 | D:3      | Found Zezez's Distillery.
  1720 | D:3      | Found a glowing drain.
  1738 | D:3      | Reached XP level 4. HP: 41/41 MP: 3/3
  1739 | D:3      | Reached skill level 4 in Axes
  1746 | Sewer    | Entered a sewer
  1783 | Sewer    | Noticed a kobold brigand
  1803 | Sewer    | Killed a kobold brigand
  1804 | Sewer    | Reached skill level 5 in Fighting
  1804 | Sewer    | Reached XP level 5. HP: 18/48 MP: 4/4
  2378 | Sewer    | Reached skill level 5 in Axes
  2431 | Sewer    | Reached XP level 6. HP: 55/57 MP: 5/5
  2462 | Sewer    | Reached skill level 6 in Fighting
  2462 | Sewer    | Reached skill level 5 in Armour
  2801 | Sewer    | Reached skill level 6 in Axes
  2980 | Sewer    | Reached XP level 7. HP: 39/64 MP: 6/6
  3264 | Sewer    | Reached skill level 7 in Fighting
  3600 | D:3      | Bought a potion of heal wounds for 60 gold pieces
  4416 | D:4      | Reached skill level 1 in Slings
  4648 | D:4      | Reached skill level 7 in Axes
  4656 | D:4      | You add the spells Conjure Flame, Ignite Poison and Sticky
                  | Flame to your library.
  4847 | D:5      | Entered Level 5 of the Dungeon
  5072 | D:5      | Reached XP level 8. HP: 58/74 MP: 7/7
  5172 | D:5      | Reached skill level 8 in Fighting
  5172 | D:5      | Reached skill level 2 in Slings
  5262 | D:5      | Noticed Blork the orc
  5270 | D:5      | Killed Blork the orc
  5499 | D:5      | You pick up a book of Cantrips and begin reading...
  5499 | D:5      | You add the spells Animate Skeleton, Summon Small Mammal
                  | and Apportation to your library.
  5522 | D:5      | Reached skill level 8 in Axes
  5631 | D:5      | Noticed Menkaure
  5639 | D:5      | Killed Menkaure
  5640 | D:5      | Reached skill level 3 in Slings
  6059 | D:5      | Identified a potion of experience
  6059 | D:5      | Reached skill level 11 in Fighting
  6059 | D:5      | Reached skill level 11 in Axes
  6059 | D:5      | Reached skill level 5 in Maces & Flails
  6059 | D:5      | Reached skill level 6 in Slings
  6059 | D:5      | Reached XP level 9. HP: 53/90 MP: 8/8
  6393 | D:6      | Reached skill level 12 in Fighting
  6411 | D:6      | Reached skill level 12 in Axes
  7556 | D:7      | Found a staircase to the Ecumenical Temple.
  7566 | D:7      | Reached XP level 10. HP: 48/99 MP: 9/9
  7722 | Temple   | Entered the Ecumenical Temple
  8098 | Temple   | Became a worshipper of Warmaster Okawaru
  8323 | D:7      | Reached * piety under Okawaru
  8879 | D:7      | Reached skill level 7 in Slings
  9433 | D:8      | Reached skill level 13 in Fighting
  9821 | D:8      | Noticed a two-headed ogre
  9829 | D:8      | HP: 25/101 [two-headed ogre/+0 giant club (7)]
  9832 | D:8      | Killed a two-headed ogre
  9832 | D:8      | Reached ** piety under Okawaru
  9984 | D:8      | Reached skill level 13 in Axes
 10606 | D:8      | Noticed Harold
 10621 | D:8      | Killed Harold
 10621 | D:8      | Reached *** piety under Okawaru
 11080 | D:8      | magus.rc [v1.9.6]
 11102 | D:9      | Reached XP level 11. HP: 107/107 MP: 10/10
 11182 | D:9      | Found a staircase to the Lair.
 11398 | D:9      | Noticed a two-headed ogre
 11409 | D:9      | Killed a two-headed ogre
 11626 | D:9      | Noticed a two-headed ogre
 11633 | D:9      | Killed a two-headed ogre
 11803 | D:9      | Reached **** piety under Okawaru
 11804 | D:9      | Reached skill level 14 in Fighting
 11808 | D:9      | Reached skill level 8 in Slings
 11818 | D:9      | Reached skill level 14 in Axes
 11828 | D:9      | HP: 27/110 [yak (12)]
 11830 | D:9      | HP: 5/110 [yak (13)]
 11831 | D:9      | Slain by a yak

Vanquished Creatures
  Harold (D:8)
  3 two-headed ogres
  A shadow (D:9)
  A human (D:7)
  A steam dragon (D:7)
  A wyvern (D:8)
  16 yaks
  3 hogs (D:7)
  Menkaure (D:5)
  2 water moccasins
  An orc warrior (D:8)
  2 sky beasts
  An ice beast (D:7)
  An ogre (D:7)
  5 centaurs
  9 kobold brigands
  Blork the orc (D:5)
  2 bullfrogs
  A water moccasin zombie (D:5)
  A scorpion (D:5)
  13 killer bees
  3 wights (D:8)
  2 howler monkeys
  A centaur zombie (D:6)
  A bullfrog zombie (D:5)
  A bullfrog skeleton (D:5)
  4 hounds
  3 jellies
  3 orc priests
  5 iguanas
  3 orc wizards
  A killer bee zombie (D:8)
  A hound skeleton (D:4)
  A howler monkey zombie (D:5)
  6 adders
  4 river rats (Sewer)
  2 white imps
  8 worms
  10 orcs
  9 ball pythons
  6 endoplasms
  6 giant cockroaches
  10 goblins
  12 hobgoblins
  4 jackals
  2 quokkas
  5 bats
  A frilled lizard (D:3)
  12 kobolds
  6 rats
199 creatures vanquished.

Table legend:
 A = Non-vault XP
 B = Vault XP
 C = Vault XP percentage of total XP
 D = Non-vault monster count
 E = Vault monster count
 F = Vault count percentage of total count
                 A         B        C        D         E       F
            +---------+---------+-------+---------+---------+-------
      Total |    8282 |    4994 |  37.6 |     147 |      52 |  26.1
            +---------+---------+-------+---------+---------+-------
        D:1 |      25 |       0 |   0.0 |      13 |       0 |   0.0
        D:2 |      36 |       0 |   0.0 |      13 |       0 |   0.0
        D:3 |      34 |      33 |  49.3 |      23 |       5 |  17.9
        D:4 |     267 |       0 |   0.0 |      17 |       0 |   0.0
        D:5 |     582 |     260 |  30.9 |      13 |       2 |  13.3
        D:6 |    1466 |       0 |   0.0 |      14 |       0 |   0.0
        D:7 |    1577 |     999 |  38.8 |      18 |       6 |  25.0
        D:8 |    2020 |     852 |  29.7 |      25 |       1 |   3.8
        D:9 |    2275 |    2031 |  47.2 |      11 |      10 |  47.6
      Sewer |       0 |     819 | 100.0 |       0 |      28 | 100.0
            +---------+---------+-------+---------+---------+-------

Illustrated notes

Table legend:
 A = Kills in this place as a percentage of kills in entire the game.
 B = Kills by you in this place as a percentage of kills by you in the entire game.
 C = Kills by friends in this place as a percentage of kills by friends in the entire game.
 D = Other kills in this place as a percentage of other kills in the entire game.
 E = Experience gained in this place as a percentage of experience gained in the entire game.
 F = Experience gained in this place divided by the number of levels of this place that you have seen.
                   A       B       C       D       E      F
               +-------+-------+-------+-------+-------+----------------------
         Total | 100.0 | 100.0 |   N/A |   N/A | 100.0 | 1206.9
       Dungeon |  85.9 |  85.9 |   N/A |   N/A |  93.8 | 1384.1
         Sewer |  14.1 |  14.1 |   N/A |   N/A |   6.2 | 819.0
               +-------+-------+-------+-------+-------+----------------------

Table legend: (Time is in decaauts)
 A = Elapsed time spent in this place.
 B = Non-inter-level travel time spent in this place.
 C = Inter-level travel time spent in this place.
 D = Time resting spent in this place.
 E = Time spent auto-exploring this place.
 F = Levels seen in this place.
 G = Mean time per level.
                   A        B        C        D        E       F      G
               +--------+--------+--------+--------+--------+-----+--------+
         Total |  12073 |  11833 |    240 |   1977 |   7956 |  11 | 1097.5 |
       Dungeon |   9655 |   9469 |    186 |   1663 |   6283 |   9 | 1072.8 |
        Temple |    397 |    343 |     54 |      0 |    320 |   1 |  397.0 |
         Sewer |   2020 |   2020 |      0 |    314 |   1353 |   1 | 2020.0 |
               +--------+--------+--------+--------+--------+-----+--------+

Top non-repeatable levels by time:
   Sewer: 2020 daAuts
     D:7: 1733 daAuts
     D:8: 1690 daAuts
     D:5: 1495 daAuts
     D:4: 925 daAuts
     D:6: 909 daAuts
     D:1: 791 daAuts
     D:9: 735 daAuts
     D:3: 693 daAuts
     D:2: 681 daAuts
  Temple: 397 daAuts
